 Dungeon Crawl Stone Soup version 0.32-a0-975-g85d4e5bfdb (webtiles) character file.

Game seed: 2876728822616044470

1856 Maxmaps the Basher (level 9, -3/81 HPs)
             Began as an Oni Shapeshifter on Apr 19, 2024.
             Was an Initiate of the Shining One.
             Slain by a gnoll bouda
             ... wielding a +0 vampiric whip
              (5 damage)
             ... on level 7 of the Dungeon.
             The game lasted 00:07:20 (4785 turns).

Maxmaps the Basher (Oni Shapeshifter)               Turns: 4785, Time: 00:07:21

Health: -3/81      AC:  4    Str: 22    XL:     9   Next: 13%
Magic:  9/9        EV:  8    Int: 11    God:    the Shining One [......]
Gold:   498        SH:  0    Dex: 10    Spells: 8/8 levels left

rFire   . . .        x - +1 mace (flame)
rCold   . . .        (no shield)
rNeg    . . .        a - +1 animal skin
rPois   .            (helmet currently unavailable)
rElec   .            (cloak currently unavailable)
rCorr   +            (gloves unavailable)
SInv    +            (boots unavailable)
Will    .....        k - amulet of regeneration
Stlth   +            t - ring of resist corrosion
HPRegen 1.13/turn    B - ring of see invisible
MPRegen 0.11/turn

%: no passive effects
@: mighty, beast-form, weakened, glowing, studying Fighting
A: beast (slay +1), large, unfitting armour, horns 1, tough skin 1, double
potion healing, drunken brawling
a: Begin Untransformation, Renounce Religion


You were on level 7 of the Dungeon.
You worshipped the Shining One.
The Shining One was noncommittal.
You were a hulking beast.
You visited 2 branches of the dungeon, and saw 8 of its levels.
You also visited: Sewer.

You collected 498 gold pieces.

Inventory:

Hand Weapons
 i - a +0 whip
 o - a +0 flail
 x - a +1 mace of flaming (weapon)
Armour
 a - a +1 animal skin (worn)
Jewellery
 g - a +6 ring of dexterity
 k - an amulet of regeneration (around neck)
 n - an amulet of reflection
 t - a ring of resist corrosion (left hand)
 B - a ring of see invisible (right hand)
Talismans
 c - a beast talisman (active)
 d - a flux talisman
Wands
 v - a wand of charming (14)
 A - a wand of flame (14)
Scrolls
 e - 3 scrolls of teleportation
 f - 2 scrolls of poison
 h - 3 scrolls of fog {unknown}
 p - a scroll of revelation
 r - 2 scrolls of identify
 s - a scroll of brand weapon
 u - a scroll of enchant weapon
Potions
 b - a potion of haste
 j - 2 potions of might
 l - 2 potions of curing
 m - 3 potions of attraction
 w - a potion of mutation {unknown}
 z - 2 potions of enlightenment


   Skills:
 - Level 3.0 Fighting
 + Level 11.2 Maces & Flails
 - Level 1.7 Dodging
 - Level 2.6 Unarmed Combat
 - Level 3.0 Shapeshifting


You had 8 spell levels left.
You didn't know any spells.
Your spell library contained the following spells:

 Spells                   Type           Power      Damage    Failure   Level
 Apportation              Tloc           0%         N/A       34%         1
 Sting                    Conj/Alch      0%         1d3       34%         1
 Jinxbite                 Hex            0%         N/A       47%         2
 Mercury Vapours          Alch/Air       0%         N/A       47%         2
 Mephitic Cloud           Conj/Alch/Air  0%         N/A       71%         3
 Olgreb's Toxic Radiance  Alch           0%         N/A       98%         4
 Alistair's Intoxication  Alch           0%         N/A       100%        5
 Freezing Cloud           Conj/Ice/Air   0%         6-21      100%        5


Dungeon Overview and Level Annotations

Branches:
Dungeon (7/15)             Temple (1/1) D:5           Sewer (visited)

Altars:
Cheibriados
Dithmenos
Gozag
Hepliaklqana
Kikubaaqudgha
Makhleb
Nemelex Xobeh
Okawaru
Ru
Sif Muna
Trog
Vehumet
Wu Jian
Zin
The Shining One

Shops:
D:4 =*


Innate Abilities, Weirdness & Mutations

You are a hulking beast.
Your limbs bulge with bestial killing power. (Slay +1)
You are too large for most types of armour.
You have a pair of small horns on your head.
You have tough skin. (AC +1)
You gain doubled healing and magic from potions.
Whenever you drink a healing potion, you attack all around you.


Message History

The vampire hits you but does no damage.
The vampire bites you.
The vampire draws strength from your injuries!
The gnoll bouda barks out a call to the hunt!
The gnoll picks up the pace!
The bombardier beetle waves its antennae.
You barely miss the gnoll bouda. You headbutt the gnoll bouda!
The gnoll bouda is moderately wounded.
The vampire closely misses you. The vampire completely misses you.
The gnoll hits you from afar with a +0 halberd!
The gnoll bouda hits you with a +0 vampiric whip!
The gnoll bouda draws strength from your wounds!
Unknown command.
You hit the vampire. You burn the vampire. You headbutt the vampire!
The vampire is heavily damaged.
The vampire closely misses you. The vampire bites you.
The vampire draws strength from your injuries!
The gnoll hits you from afar with a +0 halberd.
The gnoll bouda hits you with a +0 vampiric whip!
You hit the vampire. You burn the vampire.
The vampire is severely damaged.
The vampire hits you. The vampire bites you.
* * * LOW HITPOINT WARNING * * *
The vampire draws strength from your injuries!
Unknown command.
You hit the vampire but do no damage.
The vampire is severely damaged.
The gnoll hits you from afar with a +0 halberd!
* * * LOW HITPOINT WARNING * * *
The gnoll bouda gazes fiercely through you!
You feel your attacks grow feeble.
The gnoll bouda hits you but does no damage.
You closely miss the vampire.
The vampire is severely damaged.
The vampire hits you!
* * * LOW HITPOINT WARNING * * *
The vampire bites you but does no damage.
The gnoll barely misses you.
The gnoll bouda hits you with a +0 vampiric whip.
You die...

.... ... .... #..
..... #.# ..... #.#
......#.# #######
.....$#.# ##.......
........###B.!.....
........Vhggo......
.......#####o......
.$....# .......
....#. ....... ...
# ....... ..
....... . .......
####...


You could see a vampire, a gnoll bouda, a bombardier beetle, an orc priest, a
gnoll (swift) and an orc.

Vanquished Creatures
  Prince Ribbit (D:5)
  A steam dragon (D:6)
  A black bear (D:4)
  A crocodile (Sewer)
  An ice beast (D:5)
  2 centaurs
  3 phantoms (D:6)
  A brain worm (Sewer)
  A kobold brigand (D:6)
  A gnoll sergeant (D:6)
  A scorpion (D:5)
  A hound (D:5)
  2 iguanas
  6 orc wizards
  7 gnolls
  15 adders
  4 river rats (D:5)
  2 shadow imps
  2 ufetubi (D:6)
  A dart slug (D:1)
  4 ribbon worms
  10 orcs
  10 bats
  10 endoplasms
  5 giant cockroaches
  4 hobgoblins
  14 jackals
  4 quokkas
  9 ball pythons
  5 frilled lizards
  6 goblins
  14 kobolds
  8 rats
157 creatures vanquished.

Notes
Turn   | Place    | Note
-------+----------+-------------------------------------------
     0 | D:1      | Maxmaps the Oni Shapeshifter began the quest for the Orb.
     0 | D:1      | Reached XP level 1. HP: 19/19 MP: 1/1
   114 | D:1      | Reached XP level 2. HP: 29/29 MP: 2/2
   356 | D:1      | Reached skill level 1 in Maces & Flails
   689 | D:2      | Reached XP level 3. HP: 23/37 MP: 3/3
   734 | D:2      | Reached skill level 2 in Maces & Flails
   839 | D:2      | Reached XP level 4. HP: 8/45 MP: 4/4
   927 | D:2      | Reached skill level 3 in Maces & Flails
  1143 | D:2      | Found a faded altar of an unknown god.
  1521 | D:3      | Reached XP level 5. HP: 53/53 MP: 5/5
  1552 | D:3      | Reached skill level 4 in Maces & Flails
  1895 | D:4      | Found a hazy altar of Hepliaklqana.
  1904 | D:4      | Found an opulent altar of Gozag.
  1905 | D:4      | Found Gozag's Platinum Reserve.
  1973 | D:4      | Noticed a black bear
  1981 | D:4      | Killed a black bear
  1982 | D:4      | Reached skill level 5 in Maces & Flails
  1982 | D:4      | Reached XP level 6. HP: 42/61 MP: 6/6
  2208 | D:4      | Found Litirodd's One-of-a-Kind Rings.
  2504 | D:5      | Entered Level 5 of the Dungeon
  2547 | D:5      | Reached skill level 6 in Maces & Flails
  2570 | D:5      | Found a staircase to the Ecumenical Temple.
  2620 | Temple   | Entered the Ecumenical Temple
  2634 | D:5      | Noticed Prince Ribbit
  2651 | D:5      | Reached XP level 7. HP: 67/67 MP: 7/7
  2680 | D:5      | Killed Prince Ribbit
  2681 | D:5      | Reached skill level 7 in Maces & Flails
  2767 | D:5      | Found a glowing drain.
  2785 | Sewer    | Entered a sewer
  2818 | Sewer    | Reached skill level 8 in Maces & Flails
  2836 | Sewer    | Reached XP level 8. HP: 26/75 MP: 8/8
  3567 | D:6      | Reached skill level 9 in Maces & Flails
  3790 | D:6      | Reached skill level 10 in Maces & Flails
  4050 | D:6      | Found an ornate altar of the Wu Jian Council.
  4207 | D:6      | Found a glowing golden altar of the Shining One.
  4271 | D:6      | Became a worshipper of the Shining One
  4333 | D:6      | Found an iron altar of Okawaru.
  4722 | D:7      | Noticed a vampire
  4731 | D:7      | Reached XP level 9. HP: 53/81 MP: 9/9
  4734 | D:7      | Reached skill level 11 in Maces & Flails
  4785 | D:7      | HP: 2/81 [vampire (11)]
  4785 | D:7      | Slain by a gnoll bouda

Illustrated notes

Levels and vault maps discovered:
D:1:      sevenhm_arrival_forest_fort_small_6, layout_basic
D:2:      layout_basic, dreamdust_ecumenical_altar_statues, st_stairs_11,
          kennysheep_generic_room_4
D:3:      layout_rooms
D:4:      layout_rooms, nicolae_gozag_zags_fifth_avenue, lemuel_tele_altar,
          serial_glass, glass_columns_b, glass_columns_b, grunt_ministairs_13,
          nicolae_shop_unique_rings
D:5:      layout_rooms, temple_doors_cd, serial_bayou, serial_bayou_lake_a,
          serial_bayou_lagoon_b, serial_bayou_pond_a, serial_bayou_lagoon_a,
          lightli_sewer_entry_pipes, minmay_manual_macuahuitl,
          uniq_prince_ribbit1
D:6:      layout_basic, tso_metal_star, kennysheep_mini_moat,
          mainiacjoe_overflow_brackets, nicolae_letterblocks
          [nicolae_letter_subblock, nicolae_letter_subblock,
          nicolae_letter_subblock, nicolae_letter_subblock,
          nicolae_letter_subblock, nicolae_letter_subblock,
          nicolae_letter_subblock, nicolae_letter_subblock,
          nicolae_letter_subblock, nicolae_letter_subblock,
          nicolae_letter_subblock, nicolae_letter_subblock,
          nicolae_letter_subblock, nicolae_letter_subblock,
          nicolae_letter_subblock, nicolae_letter_subblock,
          nicolae_letter_subblock, nicolae_letter_subblock,
          nicolae_letter_subblock, nicolae_letter_subblock,
          nicolae_letter_subblock, nicolae_letter_subblock,
          nicolae_letter_subblock, nicolae_letter_subblock,
          nicolae_letter_subblock]
D:7:      layout_rooms, chequers_temple_overflow_statue_of_worship,
          fedhas_bush_and_centaur_altar, mainiacjoe_overflow_alcove_4
Temple:   eino_temple_lava

Skill      XL: |  1  2  3  4  5  6  7  8  9 |
---------------+----------------------------+-----
Fighting       | 2 3 |  3.0
Maces & Flails | 1 2 3 5 6 8 10 11 | 11.2
Dodging        | |  1.7
Unarmed Combat | |  2.6
Shapeshifting  | |  3.0

Action                     |  1- 3 |  4- 6 |  7- 9 || total
---------------------------+-------+-------+-------++-------
  Melee: Unarmed           |    20 |       |       ||    20
         Whip              |    79 |   122 |       ||   201
         Headbutt          |    11 |    29 |    38 ||    78
         Mace              |       |    79 |   254 ||   333
    Use: Scroll            |       |     5 |     8 ||    13
         Potion            |       |     1 |     6 ||     7
   Stab: Invisible         |       |       |     1 ||     1
 Armour: Animal skin       |    94 |   169 |   254 ||   517
         Skin              |       |    36 |    54 ||    90
  Dodge: Dodged            |    67 |    89 |   178 ||   334

Table legend: (Time is in decaauts)
 A = Elapsed time spent in this place.
 B = Non-inter-level travel time spent in this place.
 C = Inter-level travel time spent in this place.
 D = Time resting spent in this place.
 E = Time spent auto-exploring this place.
 F = Levels seen in this place.
 G = Mean time per level.
                   A        B        C        D        E       F      G
               +--------+--------+--------+--------+--------+-----+--------+
         Total |   4773 |   4468 |    305 |    198 |   3152 |   9 |  530.3 |
       Dungeon |   4658 |   4353 |    305 |    198 |   3145 |   7 |  665.4 |
        Temple |      1 |      1 |      0 |      0 |      0 |   1 |    1.0 |
         Sewer |    113 |    113 |      0 |      0 |      7 |   1 |  113.0 |
               +--------+--------+--------+--------+--------+-----+--------+

Top non-repeatable levels by time:
     D:6: 1180 daAuts
     D:5: 938 daAuts
     D:1: 685 daAuts
     D:4: 683 daAuts
     D:2: 677 daAuts
     D:3: 453 daAuts
   Sewer: 113 daAuts
     D:7: 39 daAuts
  Temple: 1 daAuts
